AoeStats
← Kurzen

Black Forest

505626660Analyzed
2v2 RM · 21d ago on Sep 10, 2026· 42m 42s· 4 players
Game mode
Random Map
Map size
Medium (4 player)
Population
200
Speed
Normal
Resources
Standard
Victory
Conquest
Starting age
Dark Age
Ending age
Imperial Age
RankedLock teamsTeams togetherTeam positionsShared explorationLock speedFull tech treeHidden civsTurbo modeCheats
Victory
Defeat
🇫🇷 Ethiopians · France
1035
+16
🇫🇷 Lithuanians · France
990
+18
🇹🇷 Japanese · Türkiye
1053
-18
🇪🇸 Magyars · Spain
1006
-16
Dani_Jiren
0:29 Loom
12:36 Feudal Age
13:56 Wheelbarrow
13:12 Double-Bit Axe
19:34 Horse Collar
22:20 Castle Age
20:15 Gold Mining
21:12 Scale Barding Armor
21:01 Stone Mining
23:34 Hand Cart
23:37 Caravan
24:25 Gold Shaft Mining
24:27 Bow Saw
33:29 Heavy Plow
37:05 Husbandry
39:48 Imperial Age
40:12 Chain Barding Armor
41:14 Cavalier
42:06 Bloodlines
42:16 Town Watch
kinqpinq
0:34 Loom
14:57 Feudal Age
15:26 Town Watch
15:29 Double-Bit Axe
19:47 Castle Age
19:03 Stone Mining
20:07 Scale Mail Armor
22:39 Gold Mining
32:35 Imperial Age
30:51 Bow Saw
31:31 Bow Saw
31:50 Masonry
32:30 Forging
32:12 Fletching
32:59 Chain Mail Armor
34:16 Conscription
33:51 Treadmill Crane
35:23 Wheelbarrow
37:14 Fortified Wall
37:50 Hand Cart
39:11 Chemistry
38:54 Elite Samurai
40:53 Town Patrol
41:05 Bodkin Arrow
42:56 Plate Mail Armor
43:47 Two-Man Saw
Kurzen
0:31 Loom
13:55 Feudal Age
15:04 Double-Bit Axe
18:24 Castle Age
17:39 Gold Mining
20:33 Stone Mining
21:01 Horse Collar
22:51 Bow Saw
25:56 Wheelbarrow
27:09 Gold Shaft Mining
31:48 Imperial Age
29:35 Hand Cart
29:41 Fletching
30:14 Ballistics
30:55 Stone Shaft Mining
32:06 Heavy Scorpion
33:08 Conscription
33:54 Chemistry
33:01 Caravan
33:10 Bodkin Arrow
34:22 Two-Man Saw
34:25 Fortified Wall
34:26 Siege Engineers
35:00 Torsion Engines
35:47 Masonry
39:50 Bracer
42:41 Architecture
42:07 Murder Holes
TITICOOL
1:28 Loom
12:29 Feudal Age
14:00 Wheelbarrow
14:54 Wheelbarrow
14:10 Double-Bit Axe
17:35 Stone Mining
20:30 Castle Age
21:44 Bow Saw
21:48 Gold Mining
22:38 Horse Collar
25:30 Hand Cart
26:27 Heavy Plow
28:54 Fortified Wall
28:25 Treadmill Crane
29:54 Scale Barding Armor
30:00 Forging
30:20 Murder Holes
31:06 Chain Barding Armor
32:26 Stone Shaft Mining
32:53 Iron Casting
33:31 Fletching
37:18 Imperial Age
34:55 Caravan
35:22 Ballistics
35:13 Masonry
35:05 Bodkin Arrow
38:50 Conscription
38:03 Pikeman
39:56 Bloodlines
39:46 Husbandry
40:27 Plate Barding Armor
40:21 Halberdier
Connection lost

Rejoining the realm…

Still unreachable

The connection could not be restored.

Session expired

The server has moved on; the page needs a fresh start.